 Dungeon Crawl Stone Soup version 0.30-a0-862-g1aabd4f9c5 (webtiles) character file.

Game seed: 7004014552987769891

1752 bobo the Caller (level 9, -1/69 HPs)
             Began as a Merfolk Summoner on Mar 8, 2023.
             Slain by an orc warrior
             ... wielding a +0 halberd
              (16 damage)
             ... on level 7 of the Dungeon on Mar 9, 2023.
             The game lasted 00:29:06 (6310 turns).

bobo the Caller (Merfolk Summoner)                  Turns: 6310, Time: 00:29:06

Health: -1/69      AC:  6    Str:  9    XL:     9   Next: 6%
Magic:  5/16       EV: 11    Int: 21    God:
Gold:   424        SH:  4    Dex: 14    Spells: 4/18 levels left

rFire   . . .      SeeInvis .    t - +8 hand axe of Sishru Kano {freeze, Will+ Int+3}
rCold   . . .      Faith    .    e - +0 buckler
rNeg    + . .      Spirit   .    j - +3 leather armour
rPois   .          Reflect  .    (no helmet)
rElec   .          Rampage  .    (no cloak)
rCorr   .                        (no gloves)
Will    +....                    (no boots)
Stlth   +++                      (no amulet)
HPRegen 0.31/turn                q - ring of positive energy
MPRegen 0.15/turn                (no ring)

@: no status effects
A: (nimble swimmer 2), mertail
a: no special abilities


You were on level 7 of the Dungeon.
You visited 1 branch of the dungeon, and saw 8 of its levels.
You also visited: Sewer.

You collected 424 gold pieces.

Inventory:

Hand Weapons
 t - the +8 hand axe of Sishru Kano (weapon) {freeze, Will+ Int+3}
   (You took it off an orc priest on level 7 of the Dungeon)

   Int:       It affects your intelligence (+3).
   Will:      It increases your willpower.
 v - the +5 long sword "Vuvvuw" {flame, Stlth+}
   (You found it on level 7 of the Dungeon)

   Stlth:     It makes you more stealthy.
Armour
 e - a +0 buckler (worn)
 j - a +3 leather armour (worn)
Jewellery
 q - a ring of positive energy (left hand)
Wands
 r - a wand of roots (8)
 s - a wand of flame (34)
Scrolls
 a - 4 scrolls of identify
 c - 7 scrolls of teleportation
 f - 6 scrolls of enchant weapon
 i - a scroll of magic mapping
 k - a scroll of summoning
 l - 2 scrolls of fog
 o - a scroll of amnesia
Potions
 b - a potion of magic
 d - 2 potions of curing {unknown}
 g - 2 potions of cancellation {unknown}
 h - 7 potions of flight
 m - 3 potions of heal wounds {unknown}
 n - a potion of resistance {unknown}
 p - 2 potions of invisibility {unknown}
 u - a potion of might {unknown}


   Skills:
 + Level 5.8 Fighting
 - Level 1.7 Polearms
 - Level 2.6 Dodging
 - Level 5.0 Stealth
 + Level 1.5 Shields
 - Level 5.0 Spellcasting
 + Level 3.9 Hexes
 + Level 6.9 Summonings
 - Level 1.3 Transmutations


You had 4 spell levels left.
You knew the following spells:

 Your Spells              Type           Power      Damage    Failure   Level
a - Summon Small Mammal   Summ           100%       N/A       1%          1
d - Call Canine Familiar  Summ           34%        N/A       3%          3
f - Summon Guardian Gole  Hex/Summ       28%        N/A       7%          3
s - Call Imp              Summ           34%        N/A       1%          2
t - Tukima's Dance        Hex            21%        N/A       13%         3
z - Wereblood             Tmut           10%        N/A       19%         2

Your spell library contained the following spells:

 Spells                   Type           Power      Damage    Failure   Level
 Beastly Appendage        Tmut           20%        N/A       12%         1
 Apportation              Tloc           10%        N/A       21%         1
 Spider Form              Tmut/Pois      8%         N/A       43%         3
 Summon Lightning Spire   Summ/Air       19%        N/A       45%         4
 Hailstorm                Conj/Ice       5%         3d4       52%         3
 Ice Form                 Ice/Tmut       8%         N/A       83%         4
 Passage of Golubria      Tloc           5%         N/A       90%         4
 Yara's Violent Unravell  Hex/Tmut       8%         3d5       89%         5
 Alistair's Intoxication  Tmut/Pois      5%         N/A       99%         5
 Simulacrum               Ice/Necr       2%         N/A       100%        6
 Orb of Destruction       Conj           2%         9d5       100%        7
 Spellforged Servitor     Conj/Summ      9%         N/A       100%        7


Dungeon Overview and Level Annotations

Branches:
Dungeon (8/15)               Lair (0/5) D:8           Sewer (visited)
 Temple: D:4-7

Altars:
Fedhas
Okawaru
Sif Muna
Trog
Wu Jian
Xom
Yredelemnul

Shops:
D:1 (

Annotations:
D:4 2 transporters


Innate Abilities, Weirdness & Mutations

((You are very nimble when in or above water. (Stealth+, EV+, Speed+++)))
Your lower body shifts to a powerful aquatic tail in water.


Message History

The orc warrior hits your hound with a +0 halberd.
Your hound closely misses the orc warrior.
There is a stone staircase leading up here.
Casting: Call Canine Familiar (dangerous; 3% risk of failure)
Confirm with . or Enter, or press ? or * to list all spells.
A guardian golem appears, shielding your allies.
Your crimson imp hits the orc warrior.
Something hits your crimson imp.
The orc warrior throws a boomerang of dispersal.
The boomerang of dispersal hits your hound!
Your hound blinks!
Your hound barely misses the orc.
Your crimson imp hits the orc warrior but does no damage.
Something misses your crimson imp.
Your crimson imp hits the orc.
The orc warrior throws a boomerang of dispersal.
The boomerang of dispersal hits you!
You blink.
Your hound bites the orc.
The orc warrior hits you with a +0 halberd.
Your hound barely misses the orc.
You completely miss the orc warrior.
The orc warrior is lightly wounded.
Your hound bites the orc.
The orc dies!
The orc warrior hits you with a +0 halberd!!
The orc warrior hits you with a +0 halberd!
Unknown command.
Your movement speed is average.
Your attack delay is about 1.3.
Your damage rating with the +8 hand axe of Sishru Kano {freeze, Will+ Int+3} is about 15 (Base 7 x 97% (Str) x 109% (Skill) + 8 (Ench)).
Your base attributes are Str 9, Int 18, Dex 14.
You hit the orc warrior. You freeze the orc warrior.
The orc warrior is moderately wounded.
The orc warrior hits you with a +0 halberd!
* * * LOW HITPOINT WARNING * * *
Casting: Summon Guardian Golem (dangerous; 7% risk of failure)
Confirm with . or Enter, or press ? or * to list all spells.
Something barely misses your crimson imp.
You block the orc warrior's attack.
The orc warrior attacks as you move away!
The orc warrior hits you with a +0 halberd!
You die...

#### #...#
#..##........... ...#
###.#
####...###.......#
...# #.#
#.####.###.##..###
...# #.#
#.####.....##..#..
...#
#.###.##.......##.##.#
...# #......###.. ..#
#.#..........# ##. ..#
####r#........### #.
..# #....#...........
#. ..#
#.####........### #.
### #.# ######)### ##
#S# #.# .s# ... ..# ..


You could see an orc warrior (ally target), a friendly guardian golem
(summoned), a friendly hound (summoned, sheltered), a friendly crimson imp
(summoned, sheltered) and a friendly quokka (summoned, sheltered).

Vanquished Creatures
  Menkaure (D:4)
  A water moccasin (D:7)
  An ogre (D:4)
  A kobold brigand (D:6)
  An orc priest (D:7)
  A hound (D:5)
  2 iguanas
  A shadow imp (D:7)
  4 worms
  2 orcs
  3 endoplasms
  5 giant cockroaches
  A goblin (D:4)
  6 hobgoblins
  2 kobolds (D:3)
  4 quokkas
  5 ball pythons
  10 bats
  A frilled lizard (D:2)
  2 rats
54 creatures vanquished.

Vanquished Creatures (collateral kills)
  2 water moccasins (D:7)
  A sky beast (D:7)
  A centaur (D:7)
  3 bullfrogs
  An orc priest (D:7)
  A sleepcap (D:7)
  2 iguanas
  An orc wizard (D:6)
  2 river rats (Sewer)
  12 adders
  A white imp (D:5)
  A dart slug (D:2)
  4 orcs
  3 bats
  2 endoplasms
  4 giant cockroaches (D:4)
  2 goblins
  4 hobgoblins
  3 jackals (Sewer)
  A kobold (D:1)
  3 quokkas (D:4)
  7 ball pythons
  A frilled lizard (Sewer)
  A rat (D:2)
63 creatures vanquished.

Vanquished Creatures (others)
  A dancing weapon (D:6)
  A water moccasin (D:7)
  An ogre (D:6)
  2 scorpions
  An orc (D:7)
  15 fungi (D:8)
  22 plants
43 creatures vanquished.

Grand Total: 160 creatures vanquished

Notes
Turn   | Place    | Note
-------+----------+-------------------------------------------
     0 | D:1      | bobo the Merfolk Summoner began the quest for the Orb.
     0 | D:1      | Reached XP level 1. HP: 13/13 MP: 3/3
   435 | D:1      | Reached XP level 2. HP: 8/20 MP: 0/5
   508 | D:1      | Reached skill level 1 in Fighting
   511 | D:1      | Learned a level 2 spell: Call Imp
   746 | D:1      | Found a faded altar of an unknown god.
   887 | D:1      | Found Falaod's Weapon Shoppe.
   985 | D:2      | Found a basalt altar of Yredelemnul.
  1205 | D:2      | Reached XP level 3. HP: 26/26 MP: 3/6
  1267 | D:2      | Learned a level 3 spell: Call Canine Familiar
  1884 | D:3      | Reached XP level 4. HP: 29/33 MP: 4/8
  2026 | D:3      | Found a shimmering altar of Xom.
  2154 | D:3      | Learned a level 2 spell: Wereblood
  2461 | D:3      | Reached XP level 5. HP: 39/39 MP: 5/9
  2725 | D:4      | Reached skill level 5 in Summonings
  2747 | D:4      | Noticed an ogre
  2762 | D:4      | Killed an ogre
  2788 | D:4      | Reached XP level 6. HP: 47/47 MP: 11/11
  2790 | D:4      | Found a glowing drain.
  2821 | Sewer    | Entered a sewer
  3278 | Sewer    | Reached skill level 1 in Transmutations
  3523 | D:4      | Learned a level 3 spell: Summon Guardian Golem
  3661 | D:4      | Noticed Menkaure
  3765 | D:4      | Found a transporter.
  3777 | D:4      | Noticed an orc warrior
  3777 | D:4      | Noticed a wyvern
  3779 | D:4      | Found an ornate altar of the Wu Jian Council.
  3791 | D:4      | Found a transporter.
  3957 | D:4      | Killed Menkaure
  3958 | D:4      | Reached skill level 1 in Polearms
  3958 | D:4      | Reached skill level 1 in Hexes
  3958 | D:4      | Reached XP level 7. HP: 13/54 MP: 2/12
  4123 | D:5      | Entered Level 5 of the Dungeon
  4145 | D:5      | Found a shimmering blue altar of Sif Muna.
  4306 | D:5      | Identified the +0 robe of Melancholy {Drain rElec rC+
                  | Will++}
  4474 | D:5      | Found an iron altar of Okawaru.
  4640 | D:5      | Found a bloodstained altar of Trog.
  4640 | D:5      | Found a blossoming altar of Fedhas.
  4799 | D:5      | You fall into a shaft and drop 3 floors!
  4927 | D:7      | Reached skill level 6 in Summonings
  5016 | D:7      | Reached XP level 8. HP: 26/61 MP: 8/14
  5425 | D:6      | Reached skill level 5 in Fighting
  5529 | D:7      | Identified the +8 hand axe of Sishru Kano {freeze, Will+
                  | Int+3}
  5543 | D:7      | Identified the +5 long sword "Vuvvuw" {flame, Stlth+}
  5704 | D:6      | Reached skill level 5 in Spellcasting
  5713 | D:6      | Learned a level 3 spell: Tukima's Dance
  6268 | D:7      | Reached skill level 1 in Shields
  6268 | D:7      | Reached XP level 9. HP: 69/69 MP: 5/16
  6273 | D:7      | Reached skill level 5 in Stealth
  6310 | D:7      | Slain by an orc warrior

Illustrated notes

Levels and vault maps discovered:
D:1:      dpeg_arrival_arbitrary_b, layout_basic, serial_shops,
          nicolae_shop_hallway_plus, hellmonk_ecumenical_altar_leap_of_faith,
          grunt_decor_cap
D:2:      layout_loops_ring, basic_altar
D:3:      layout_basic, mainiacjoe_overflow_alcove_4, serial_bayou_lake_a
D:4:      nicolae_cairo_tiling_very_big, layout_rooms,
          gammafunk_temple_overflow_arena, gup_sewer_entry_pipe, uniq_menkaure
D:5:      layout_layer_cave, mainiacjoe_overflow_boulevard, led_sif_book,
          chequers_temple_overflow_statue_of_worship, uniq_crazy_yiuf_cottage
D:6:      layout_basic, minmay_temple_entry_glass, kennysheep_generic_room_3
D:7:      layout_basic, enter_bailey_2
D:8:      lemuel_bear_cage, layout_basic, due_lair_maze_entry_diamond,
          dk_rats_in_the_wall

Skill      XL: |  1  2  3  4  5  6  7  8  9 |
---------------+----------------------------+-----
Fighting       | 1 2 3 4 5 |  5.8
Spellcasting   | 3 4 5 |  5.0
Summonings     | 5 6 |  6.9
Transmutations | 1 |  1.3
Polearms       | 1 |  1.7
Hexes          | 1 2 3 |  3.9
Stealth        | 3 4 5 |  5.0
Shields        | 1 |  1.5
Dodging        | |  2.6

Action                     |  1- 3 |  4- 6 |  7- 9 || total
---------------------------+-------+-------+-------++-------
  Melee: Club              |    26 |       |       ||    26
         Unarmed           |     1 |       |       ||     1
         Short sword       |       |   101 |       ||   101
         Tailslap          |       |     6 |       ||     6
         Spear             |       |    13 |   123 ||   136
         Punch             |       |     2 |       ||     2
         Hand axe          |       |       |     5 ||     5
   Fire: Sling             |    37 |    27 |       ||    64
   Cast: Summon Small Mamm |    26 |    13 |     7 ||    46
         Call Imp          |    14 |    20 |    15 ||    49
         Call Canine Famil |       |     6 |    18 ||    24
         Wereblood         |       |     3 |       ||     3
         Summon Guardian G |       |       |     8 ||     8
         Tukima's Dance    |       |       |     6 ||     6
    Use: Scroll            |       |    12 |     3 ||    15
   Stab: Sleeping          |       |     8 |     1 ||     9
         Distracted        |       |     3 |     6 ||     9
 Armour: Robe              |     1 |       |       ||     1
         Leather armour    |    14 |    44 |    27 ||    85
  Dodge: Dodged            |    25 |   128 |    63 ||   216
  Block: Buckler           |       |       |     8 ||     8

Table legend: (Time is in decaauts)
 A = Elapsed time spent in this place.
 B = Non-inter-level travel time spent in this place.
 C = Inter-level travel time spent in this place.
 D = Time resting spent in this place.
 E = Time spent auto-exploring this place.
 F = Levels seen in this place.
 G = Mean time per level.
                   A        B        C        D        E       F      G
               +--------+--------+--------+--------+--------+-----+--------+
         Total |   6241 |   6196 |     45 |    684 |   3826 |   9 |  693.4 |
       Dungeon |   5631 |   5586 |     45 |    684 |   3452 |   8 |  703.9 |
         Sewer |    609 |    609 |      0 |      0 |    374 |   1 |  609.0 |
               +--------+--------+--------+--------+--------+-----+--------+

Top non-repeatable levels by time:
     D:7: 1079 daAuts
     D:1: 990 daAuts
     D:4: 821 daAuts
     D:2: 817 daAuts
     D:3: 809 daAuts
     D:5: 676 daAuts
   Sewer: 609 daAuts
     D:6: 417 daAuts
     D:8: 20 daAuts
